 Dungeon Crawl Stone Soup version 0.21-a0-270-g8204059 (webtiles) character file.

153 4thArraOfDagon the Ducker (level 5, 0/34 HPs)
             Began as an Octopode Enchanter on Sept 14, 2017.
             Was an Initiate of Cheibriados.
             Killed from afar by sergedm's ghost (4 damage)
             ... with a magic dart
             ... on level 3 of the Dungeon.
             The game lasted 00:04:56 (1102 turns).

4thArraOfDagon the Ducker (Octopode Enchanter)      Turns: 1102, Time: 00:04:57

Health: 0/34       AC:  1    Str:  9    XL:     5   Next: 35%
Magic:  8/8        EV: 21    Int: 19    God:    Cheibriados [......]
Gold:   70         SH:  0    Dex: 23    Spells: 2/8 levels left

rFire    . . .     SeeInvis .   a - +1 dagger
rCold    . . .     Gourm    .   (no shield)
rNeg     . . .     Faith    .   (helmet restricted)
rPois    .         Spirit   .   (no amulet)
rElec    .         Reflect  .   d - +5 ring of dexterity
rCorr    .         Harm     .   (no ring)
MR       .....                  (no ring)
Stlth    +++++.....             (no ring)
HPRegen  0.11/turn              (no ring)
MPRegen  0.11/turn              (no ring)
                                (no ring)
                                (no ring)

@: agile, flying, very slow
A: almost no armour, stealthy swim, amphibious, 8 rings, constrict 8, camouflage
1, gelatinous body 1
a: Bend Time, Renounce Religion


You were on level 3 of the Dungeon.
You worshipped Cheibriados.
Cheibriados was noncommittal.
You were not hungry.

You visited 2 branches of the dungeon, and saw 6 of its levels.

You collected 70 gold pieces.

Inventory:

Hand Weapons
 a - a +1 dagger (weapon)
Jewellery
 d - a +5 ring of dexterity (left tentacle)
Scrolls
 i - a scroll of remove curse
Potions
 j - 2 potions of degeneration
 l - a potion of curing
Books
 b - a book of Maledictions

   Spells                             Type                      Level
   a - Corona                         Hexes                        1
   b - Ensorcelled Hibernation        Hexes/Ice                    2
   c - Confuse                        Hexes                        3
   d - Tukima's Dance                 Hexes                        3
   e - Dazzling Spray                 Conjuration/Hexes            3
Comestibles
 c - 2 bread rations
 f - a meat ration
 g - 4 royal jellies


   Skills:
 - Level 2.0 Fighting
 - Level 2.0 Short Blades
 + Level 4.4 Dodging
 - Level 4.0 Stealth
 - Level 2.0 Spellcasting
 - Level 3.0 Hexes


You had 2 spell levels left.
You knew the following spells:

 Your Spells              Type           Power        Failure   Level  Hunger
a - Corona                Hex            ##.....      4%          1    #......
b - Ensorcelled Hibernat  Hex/Ice        #.....       14%         2    ###....
c - Confuse               Hex            ##......     14%         3    ###....


Dungeon Overview and Level Annotations

Branches:
Dungeon (5/15)             Temple (1/1) D:4

Altars:
Cheibriados
Fedhas
Wu Jian
Xom

Annotations:
D:3 sergedm's ghost, amateur DECj
D:4 Gagarin's ghost, amateur HuGl
D:5 Gagarin's ghost, amateur TrBe


Innate Abilities, Weirdness & Mutations

You cannot wear most types of armour.
You are very stealthy in the water. (Stealth+)
You are amphibious.
You can wear up to eight rings at the same time.
You can use your tentacles to constrict eight enemies at once.
Your skin changes colour to match your surroundings (Stealth+).
Your rubbery body absorbs attacks. (AC +1, EV +1)


Message History

There is an open door here.
The orc barely misses you. The orc misses you. The orc closely misses you.
Sergedm's ghost shrieks, "To die, to sleep, no more."
The orc completely misses you. Sergedm's ghost casts a spell at you.
The magic dart hits you!
Sergedm's ghost wails.
The orc hits you with a mace!
Unknown command.
Unknown command.
Sergedm's ghost points at you and mumbles some strange words.
The magic dart hits you!
* * * LOW HITPOINT WARNING * * *
The orc completely misses you.
Unknown command.
Sergedm's ghost gestures at you while chanting.
The magic dart hits you!
You die...

#.#..#.#
#†#..#.#
#÷##.#.#
#.##...#
#.##.W.#
#.##...# .
#.##..o# ..S
..##...#
.....#####..@#
...........#.#
.....#######.#
#.. ### #


You could see sergedm's ghost and an orc.

Vanquished Creatures
  A scorpion (D:4)
  A hound (D:4)
  A centaur skeleton (D:4)
  2 adders
  A dart slug (D:2)
  A leopard gecko (D:2)
  A giant cockroach (D:1)
  A goblin (D:2)
  2 hobgoblins (D:1)
  5 jackals
  2 bats (D:1)
  4 frilled lizards
  4 kobolds
26 creatures vanquished.

Notes
Turn   | Place    | Note
-------+----------+-------------------------------------------
     0 | D:1      | 4thArraOfDagon the Octopode Enchanter began the quest for the Orb.
     0 | D:1      | Reached XP level 1. HP: 11/11 MP: 3/3
   250 | D:1      | Reached XP level 2. HP: 11/17 MP: 3/5
   308 | D:2      | Learned a level 2 spell: Ensorcelled Hibernation
   432 | D:2      | You fall through a shaft for 2 floors!
   432 | D:4      | Noticed Gagarin's ghost (amateur HuGl)
   518 | D:4      | Reached skill level 1 in Fighting
   518 | D:4      | Reached XP level 3. HP: 6/23 MP: 4/6
   540 | D:4      | Learned a level 3 spell: Confuse
   692 | D:4      | Reached XP level 4. HP: 27/29 MP: 3/7
   715 | D:5      | Entered Level 5 of the Dungeon
   715 | D:5      | Noticed an ice beast
   715 | D:5      | Noticed Gagarin's ghost (amateur TrBe)
   739 | D:4      | Found a staircase to the Ecumenical Temple.
   749 | Temple   | Entered the Ecumenical Temple
   775 | Temple   | Became a worshipper of Cheibriados the Contemplative
   839 | D:4      | Noticed a phantom
   840 | D:4      | Reached XP level 5. HP: 27/34 MP: 8/8
   884 | D:4      | Noticed a phantom
  1029 | D:3      | Noticed sergedm's ghost (amateur DECj)
  1102 | D:3      | Killed from afar by sergedm's ghost

Vault maps used:
D:1:      minmay_arrival_four_loops
D:2:      old_standard_altar, chequers_temple_overflow_statue_of_worship,
          nemelex_diamond_rough_becter
D:3:      lemuel_doored_altar
D:4:      yredelemnul_forgotten_temple_becter, temple_fountains,
          grunt_ashenzari_visionary
D:5:      cheibrodos_quashed, grunt_temple_overflow_open, first_bread
Temple:   jpeg_temple_alley_garden

Skill      XL: |  1  2  3  4 |
---------------+-------------+-----
Short Blades   | 2 |  2.0
Fighting       | 1 2 |  2.0
Dodging        | 4 |  4.4
Stealth        | |  4.0
Spellcasting   | |  2.0
Hexes          | |  3.0

Action                   |  1- 3 |  4- 6 || total
-------------------------+-------+-------++-------
Melee: Dagger            |    55 |    20 ||    75
       Constrict         |    13 |     3 ||    16
       Tentacles         |     9 |     7 ||    16
 Cast: Corona            |     6 |       ||     6
       Ensorcelled Hiber |     1 |     2 ||     3
  Use: Potion            |     1 |     2 ||     3
       Scroll            |       |     2 ||     2
 Stab: Sleeping          |     3 |     3 ||     6
  Eat: Chunk             |       |     2 ||     2
Armor: Skin              |     3 |       ||     3
Dodge: Dodged            |    32 |    34 ||    66

Table legend:
 A = Spawn XP
 B = Non-spawn XP
 C = Spawn XP percentage of total XP
 D = Spawn monster count
 E = Non-spawn monster count
 F = Spawn count percentage of total count
 G = Total turns spent on level
                    A         B        C        D         E        F      G
               +---------+---------+-------+---------+---------+-------+---------
         Total |       0 |     219 |   0.0 |       0 |      26 |   0.0 |  1102
               +---------+---------+-------+---------+---------+-------+---------
           D:1 |       0 |      12 |   0.0 |       0 |       9 |   0.0 |   290
           D:2 |       0 |       9 |   0.0 |       0 |       3 |   0.0 |   142
           D:3 |       0 |      23 |   0.0 |       0 |       6 |   0.0 |   211
           D:4 |       0 |     175 |   0.0 |       0 |       8 |   0.0 |   383
               +---------+---------+-------+---------+---------+-------+---------
